 Dungeon Crawl Stone Soup version 0.16.0-12-g7215832 (webtiles) character file.

287 Fluffy the Slasher (level 6, -4/47 HPs)
             Began as a Formicid Fighter on Mar 18, 2015.
             Slain by Prince Ribbit (9 damage)
             ... on level 4 of the Dungeon.
             The game lasted 00:07:28 (2800 turns).

Fluffy the Slasher (Formicid Fighter)               Turns: 2800, Time: 00:07:29

Health: -4/47      AC: 10    Str: 21    XL:     6   Next: 56%
Magic:  8/8        EV:  5    Int:  7    God:
Gold:   165        SH: 10    Dex: 12    Spells: 0 memorised, 5 levels left

rFire  . . .     SeeInvis +     a - +1 long sword
rCold  . . .     Clarity  .     l - +0 chain mail
rNeg   . . .     SustAb   +     c - +1 shield
rPois  +         Gourm    .     (helmet unavailable)
rElec  .         Spirit   .     (no cloak)
rCorr  .         Warding  .     b - +0 pair of gloves
rMut   .         Stasis   +     (no boots)
MR     .....                    (no amulet)
Stlth  ..........               q - ring of sustain abilities
                                m - ring of poison resistance

@: not resistant to hostile enchantments, extremely unstealthy
A: permanent stasis, dig shafts and tunnels, four strong arms, antennae 3
a: Dig, Shaft Self


You were on level 4 of the Dungeon.
You were not hungry.

You visited 1 branch of the dungeon, and saw 4 of its levels.

You collected 165 gold pieces.

Inventory:

Hand weapons
 a - a +1 long sword (weapon)
Armour
 b - a +0 pair of gloves (worn)
 c - a +1 shield (worn)
 l - a +0 chain mail (worn)
Jewellery
 m - a ring of poison resistance (left hand)
 q - a ring of sustain abilities (right hand)
Magical devices
 s - a wand of magic darts (0)
Scrolls
 h - a scroll of enchant weapon
Potions
 e - 3 potions of might
 g - a potion of resistance {unknown}
 j - 3 potions of curing
 k - 3 potions of cancellation
 o - a potion of restore abilities {unknown}
 p - a potion of ambrosia {unknown}
 r - a potion of haste {unknown}
Comestibles
 d - a bread ration
 f - 3 meat rations
 i - 2 beef jerkies
 t - 4 chunks of flesh


   Skills:
 - Level 3.2 Fighting
 + Level 6.4 Long Blades
 - Level 3.2 Armour
 - Level 3.6 Shields


You had 5 spell levels left.
You didn't know any spells.

Dungeon Overview and Level Annotations

Branches:
Dungeon (4/15)
 Temple: D:4-7

Altars:
Cheibriados
Xom
The Shining One

Annotations:
D:4 Prince Ribbit


Innate Abilities, Weirdness & Mutations

You are under a permanent stasis effect.
You can dig through walls and to a lower floor.
Your four strong arms can wield two-handed weapons with a shield.
You have a pair of large antennae on your head (SInv).


Message History

The goblin shoots a stone.
You block the stone.
The goblin shoots a stone.
The stone hits you but does no damage.
You see here a stone.
The goblin shoots a stone.
The stone barely misses you.
The goblin shoots a stone.
The stone hits you but does no damage.
You see here a stone.
Prince Ribbit croaks regally.
Prince Ribbit blinks!
The goblin unwields an uncursed hunting sling.
The goblin wields an uncursed dagger.
You block the goblin's attack.
You closely miss the goblin.
The goblin hits you with an uncursed dagger.
You closely miss the goblin. Prince Ribbit hits you!
* * * LOW HITPOINT WARNING * * *
Prince Ribbit hits you but does no damage.
The goblin barely misses you.
You slash the goblin!!
You kill the goblin!
Prince Ribbit hits you!
You die...

...## ### .....## ##.### .......#
#....# ........# #####..####
.........####......#..#
..........##..........##
..........#....####.###
..........(F@).####)#########
...........((.†###....#.>........
............#..# ####..........##
....#######...## ###.)......#
###....{....### ####.#..#####
....F...############......#####
......#...#..........##.......##
......##.......#...............#
.......!.#..........(..........#


You could see Prince Ribbit (inner flame).

Vanquished Creatures
  A sky beast (D:3)
  2 worker ants (D:4)
  Ijyb (D:2)
  5 adders
  A gnoll (D:1)
  4 worms
  3 giant geckos
  An orc (D:4)
  9 bats
  5 giant cockroaches
  9 goblins
  5 hobgoblins
  4 jackals (D:3)
  A giant newt (D:2)
  7 kobolds
  9 rats
67 creatures vanquished.

Notes
Turn   | Place    | Note
--------------------------------------------------------------
     0 | D:1      | Fluffy, the Formicid Fighter, began the quest for the Orb.
     0 | D:1      | Reached XP level 1. HP: 18/18 MP: 1/1
   205 | D:1      | Reached XP level 2. HP: 24/24 MP: 3/3
   429 | D:1      | Reached XP level 3. HP: 29/29 MP: 4/4
   931 | D:2      | Noticed Ijyb
   937 | D:2      | Killed Ijyb
   937 | D:2      | Reached skill level 4 in Long Blades
   937 | D:2      | Reached XP level 4. HP: 32/35 MP: 5/5
  1046 | D:2      | Found a shimmering altar of Xom.
  1206 | D:2      | Found a glowing golden altar of the Shining One.
  1228 | D:2      | Found a snail-covered altar of Cheibriados.
  1620 | D:3      | Reached XP level 5. HP: 41/41 MP: 7/7
  1826 | D:3      | Reached skill level 5 in Long Blades
  1827 | D:3      | Noticed a sky beast
  1833 | D:3      | Killed a sky beast
  1833 | D:3      | Reached XP level 6. HP: 47/47 MP: 8/8
  1892 | D:3      | Reached skill level 6 in Long Blades
  2624 | D:4      | Noticed Prince Ribbit
  2800 | D:4      | Slain by Prince Ribbit

Action                   |  1- 3 |  4- 6 || total
-------------------------+-------+-------++-------
Melee: Long sword        |    88 |   148 ||   236
Evoke: Wand              |       |    11 ||    11
  Use: Scroll            |       |    12 ||    12
  Eat: Chunk             |       |     6 ||     6
